 Dungeon Crawl Stone Soup version 0.23.2-33-g5129a83184 (webtiles) character file.

Game seed: 15481251938370726265

119 funkygono the Shield-Bearer (level 5, 0/42 HPs)
             Began as a Formicid Fighter on July 21, 2019.
             Slain by a gnoll
             ... wielding a +0 halberd
              (7 damage)
             ... on level 3 of the Dungeon.
             The game lasted 00:04:01 (1613 turns).

funkygono the Shield-Bearer (Formicid Fighter)      Turns: 1613, Time: 00:04:02

Health: 0/42       AC:  7    Str: 21    XL:     5   Next: 23%
Magic:  5/5        EV:  8    Int:  8    God:
Gold:   98         SH:  9    Dex: 10    Spells: 4/4 levels left

rFire    . . .     SeeInvis +   a - +1 flail
rCold    . . .     Gourm    .   c - +0 shield
rNeg     . . .     Faith    .   b - +0 scale mail
rPois    .         Spirit   .   (helmet unavailable)
rElec    .         Reflect  .   (no cloak)
rCorr    .         Harm     .   (no gloves)
MR       .....                  (no boots)
Stlth    ..........             (no amulet)
HPRegen  0.14/turn              j - ring of wizardry
MPRegen  0.09/turn              (no ring)

@: no status effects
A: permanent stasis, dig shafts and tunnels, four strong arms, antennae 3
a: Dig, Shaft Self


You were on level 3 of the Dungeon.
You were not hungry.

You visited 1 branch of the dungeon, and saw 3 of its levels.

You collected 98 gold pieces.

Inventory:

Hand Weapons
 a - a +1 flail (weapon)
Missiles
 e - 67 stones (quivered)
 i - 19 sling bullets
Armour
 b - a +0 scale mail (worn)
 c - a +0 shield (worn)
Jewellery
 j - a ring of wizardry (left hand)
Scrolls
 g - a scroll of amnesia
 h - a scroll of blinking {unknown}
Potions
 m - a potion of flight
 o - a potion of curing {unknown}
Comestibles
 d - 3 chunks of flesh
 f - 8 rations


   Skills:
 + Level 3.8 Fighting
 + Level 3.1 Maces & Flails
 + Level 4.0 Armour
 + Level 0.6 Dodging
 + Level 1.0 Stealth
 + Level 4.5 Shields


You had 4 spell levels left.
You didn't know any spells.
Your spell library was empty.

Dungeon Overview and Level Annotations

Branches:
Dungeon (3/15)

Altars:
Nemelex Xobeh


Innate Abilities, Weirdness & Mutations

You cannot be hasted, slowed, berserked, paralysed or teleported.
You can dig through walls and to a lower floor.
Your four strong arms can wield two-handed weapons with a shield.
You have a pair of large antennae on your head. (SInv)


Message History

The gnoll hits you with a +2 halberd of protection!
You block the gnoll's attack. x2
You hit the gnoll but do no damage.
The gnoll hits you from afar with a +0 halberd.
An adder comes into view.
The gnoll barely misses you.
You completely miss the gnoll.
The adder hisses angrily.
The gnoll hits you from afar with a +0 halberd!
* * * LOW HITPOINT WARNING * * *
You block the gnoll's attack.
You hit the gnoll.
The gnoll is moderately wounded.
The gnoll closely misses you. The gnoll hits you but does no damage.
The gnoll barely misses you.
You barely miss the gnoll.
The gnoll is moderately wounded.
You block the gnoll's attack.
The gnoll hits you from afar with a +0 halberd!
You die...

#. #...... .<≈
#.##.#........≈≈≈≈#
.....#... .{..≈≈≈≈#
g.......... ..≈≈≈≈# {
......#. .≈≈≈≈≈# .....
#.≈≈≈≈≈. #.(## #.≈≈≈≈#
#..K###≈≈≈≈≈# .
#..gg@.≈≈≈≈≈# .#
#...###≈≈≈≈###.#
#...88≈≈≈≈≈88..###
#.................
######...............#
.........88≈≈≈≈≈88...#
.......[..≈≈≈≈≈..=#..#
..........≈≈≈≈≈##.#
#####....#≈≈≈≈## #


You could see 2 gnolls and a kobold.

Vanquished Creatures
  Terence (D:2)
  A gnoll (D:3)
  2 adders (D:2)
  An ooze (D:2)
  4 worms (D:2)
  3 dart slugs (D:1)
  2 leopard geckos (D:2)
  4 giant cockroaches
  7 goblins
  A hobgoblin (D:2)
  2 jackals (D:1)
  A quokka (D:2)
  A ball python (D:2)
  3 bats
  4 frilled lizards
  4 kobolds (D:1)
  A rat (D:2)
42 creatures vanquished.

Notes
Turn   | Place    | Note
-------+----------+-------------------------------------------
     0 | D:1      | funkygono the Formicid Fighter began the quest for the Orb.
     0 | D:1      | Reached XP level 1. HP: 18/18 MP: 1/1
   140 | D:1      | Reached XP level 2. HP: 24/24 MP: 2/2
   384 | D:1      | Reached XP level 3. HP: 30/30 MP: 3/3
   508 | D:2      | Reached skill level 1 in Stealth
   619 | D:2      | Noticed Terence
   651 | D:2      | Killed Terence
   651 | D:2      | Reached XP level 4. HP: 5/37 MP: 4/4
  1277 | D:2      | Reached XP level 5. HP: 42/42 MP: 5/5
  1414 | D:2      | Found a sparkling altar of Nemelex Xobeh.
  1613 | D:3      | Slain by a gnoll

Skill      XL: |  1  2  3  4  5 |
---------------+----------------+-----
Shields        | 4 |  4.5
Stealth        | 1 |  1.0
Maces & Flails | 3 |  3.1
Armour         | 4 |  4.0
Fighting       | |  3.8
Dodging        | |  0.6

Action                   |  1- 3 |  4- 6 || total
-------------------------+-------+-------++-------
Melee: Flail             |   109 |    91 ||   200
  Use: Scroll            |     4 |     2 ||     6
       Potion            |     1 |       ||     1
  Eat: Chunk             |       |     3 ||     3
Armor: Scale mail        |    42 |    30 ||    72
Dodge: Dodged            |    49 |    29 ||    78
Block: Shield            |    75 |    46 ||   121
